 Dungeon Crawl Stone Soup version 0.29-a0-333-gb4c28e87c6 (webtiles) character file.

Game seed: 13156331333520613276

15 Jortsu the Covered (level 2, -6/24 HPs)
             Began as a Demonspawn Fighter on Apr 13, 2022.
             Was a Follower of Nemelex Xobeh.
             Succumbed to a kobold's poison
             ... on level 1 of the Dungeon.
             The game lasted 00:00:35 (539 turns).

Jortsu the Covered (Demonspawn Fighter)              Turns: 539, Time: 00:00:35

Health: -6/24      AC:  8    Str: 16    XL:     2   Next: 34%
Magic:  2/2        EV:  8    Int:  9    God:    Nemelex Xobeh [*.....]
Gold:   69         SH:  4    Dex: 12    Spells: 1/1 levels left

rFire   . . .      SeeInvis .   a - +0 war axe
rCold   . . .      Faith    .   c - +0 buckler
rNeg    . . .      Spirit   .   b - +0 scale mail
rPois   .          Reflect  .   (no helmet)
rElec   .          Harm     .   (no cloak)
rCorr   .          Rampage  .   (no gloves)
Will    .....                   (no boots)
Stlth   ..........              (no amulet)
HPRegen 0.08/turn               (no ring)
MPRegen 0.08/turn               (no ring)

@: lethally poisoned (-6 -> -28)
A: thin metallic scales 1
a: Renounce Religion, Draw Escape, Draw Destruction, Draw Summoning


You were on level 1 of the Dungeon.
You worshipped Nemelex Xobeh.
Nemelex Xobeh was aware of your devotion.
You visited 1 branch of the dungeon, and saw 1 of its levels.

You collected 69 gold pieces.

Inventory:

Hand Weapons
 a - a +0 war axe (weapon)
Armour
 b - a +0 scale mail (worn)
 c - a +0 buckler (worn)
Scrolls
 e - a scroll of identify {unknown}
Potions
 d - a potion of might
 f - a potion of curing {unknown}
 g - a potion of brilliance {unknown}
 h - 2 potions of heal wounds {unknown}
 i - a potion of magic {unknown}


   Skills:
 + Level 3.0 Fighting
 + Level 1.9 Axes
 + Level 3.1 Armour
 + Level 2.9 Shields


You had one spell level left.
You didn't know any spells.
Your spell library was empty.

Dungeon Overview and Level Annotations

Branches:
Dungeon (1/15)

Altars:
Nemelex Xobeh


Innate Abilities, Weirdness & Mutations

You are partially covered in thin metallic scales. (AC +2)


Message History

An endoplasm comes into view.
You closely miss the ball python.
The endoplasm quivers.
The ball python bites you but does no damage.
The ball python grabs you. The ball python constricts you.
A kobold comes into view. It is wielding a +0 dagger.
The ball python bites you but does no damage.
The ball python constricts you.
The kobold shouts!
You slash the ball python!
You kill the ball python!
An endoplasm comes into view.
The kobold throws a stone.
You block the stone.
A quokka comes into view.
The kobold barely misses you.
You see here a ball python corpse.
The endoplasm attacks as you move away! You block the endoplasm's attack.
You barely miss the kobold.
The kobold hits you with a +2 whip of venom.
You are poisoned.
You barely miss the kobold.
You feel very sick. You block the kobold's attack.
The kobold hits you but does no damage.
You are more poisoned.
You barely miss the kobold.
You feel very sick.
The kobold hits you with a +2 whip of venom.
You are lethally poisoned!
You closely miss the kobold.
* * * LOW HITPOINT WARNING * * *
You feel extremely sick.
The kobold hits you with a +2 whip of venom.
* * * LOW HITPOINT WARNING * * *
The kobold hits you with a +2 whip of venom.
* * * LOW HITPOINT WARNING * * *
You are more poisoned.
You hit the kobold.
You kill the kobold!
You die...
Your body disappears without a glow.

#.###...#...#..#.### ....
.................
.#..###.##.##.#####..#
##... #.##.##.## ##.#
#.#..###.##.#...## #.#
.... ...##......## #.#
#.. #.##..>....###.#
...##.K###...............
#....J)@...........###)#
#.....###.##.†.........#
...#... #.##.#...#.....#
. ##.. ...#..>.†.......
... .###.##...#......
.#..:# ##............
.....# ##.#########. ..
.#. #.# #. #> ##


You could see an endoplasm and a kobold.

Vanquished Creatures
  A dart slug (D:1)
  A goblin (D:1)
  2 hobgoblins (D:1)
  2 quokkas (D:1)
  5 ball pythons (D:1)
  A bat (D:1)
  2 frilled lizards (D:1)
  A kobold (D:1)
15 creatures vanquished.

Notes
Turn   | Place    | Note
-------+----------+-------------------------------------------
     0 | D:1      | Jortsu the Demonspawn Fighter began the quest for the Orb.
     0 | D:1      | Reached XP level 1. HP: 18/18 MP: 1/1
   282 | D:1      | Found a faded altar of an unknown god.
   293 | D:1      | Prayed at the altar of an unknown god.
   293 | D:1      | Became a worshipper of Nemelex Xobeh the Trickster
   293 | D:1      | Reached * piety under Nemelex Xobeh
   293 | D:1      | Received a gift from Nemelex Xobeh
   385 | D:1      | Gained mutation: You are partially covered in thin metallic
                  | scales. (AC +2) [demonic ancestry]
   385 | D:1      | Reached XP level 2. HP: 19/24 MP: 2/2
   538 | D:1      | HP: 1/24 [kobold/+2 whip of venom (3)]
   539 | D:1      | Succumbed to a kobold's poison

Illustrated notes

Levels and vault maps discovered:
D:1:      dpeg_arrival_rooms_a, layout_loops_ring,
          hellmonk_ecumenical_altar_lost_god, minmay_tromino_v4_c

Skill      XL: |  1 |
---------------+----+-----
Armour         | 3 |  3.1
Fighting       | |  3.0
Axes           | |  1.9
Shields        | |  2.9

Action                   || total
-------------------------++-------
Melee: War axe           ||    37
Armor: Scale mail        ||    26
Dodge: Dodged            ||    17
Block: Buckler           ||    11

Table legend: (Time is in decaauts)
 A = Elapsed time spent in this place.
 B = Non-inter-level travel time spent in this place.
 C = Inter-level travel time spent in this place.
 D = Time resting spent in this place.
 E = Time spent auto-exploring this place.
 F = Levels seen in this place.
 G = Mean time per level.
                   A        B        C        D        E       F      G
               +--------+--------+--------+--------+--------+-----+--------+
         Total |    555 |    555 |      0 |      0 |    440 |   1 |  555.0 |
       Dungeon |    555 |    555 |      0 |      0 |    440 |   1 |  555.0 |
               +--------+--------+--------+--------+--------+-----+--------+

Top non-repeatable levels by time:
     D:1: 555 daAuts
